 Dungeon Crawl Stone Soup version 0.16-b1 (console) character file.

210 mauris the Stinger (level 5, -5/26 HPs)
             Began as a Vine Stalker Venom Mage on Mar 13, 2015.
             Was an Initiate of Trog.
             Slain by an iguana (7 damage)
             ... summoned by a shadow trap
             ... triggered by a giant mite
             ... on level 4 of the Dungeon.
             The game lasted 00:06:44 (3412 turns).

mauris the Stinger (Vine Stalker Venom Mage)        Turns: 3412, Time: 00:06:44

Health: -5/26      AC:  4    Str: 12    XL:     5   Next: 88%
Magic:  0/11       EV: 13    Int: 15    God:    Trog [......]
Gold:   180        SH:  0    Dex: 14    Spells: 1 memorised, 7 levels left

rFire  . . .     SeeInvis .     d - +1 short sword
rCold  + . .     Clarity  .     a - +0 robe {2}
rNeg   . . .     SustAb   .     (no shield)
rPois  .         Gourm    .     (no helmet)
rElec  .         Spirit   +     (no cloak)
rCorr  .         Warding  .     z - +1 pair of gloves
rMut   .         Stasis   .     (no boots)
MR     .....                    (no amulet)
Stlth  ++........               (no ring)
                                e - ring of protection from cold

@: lethally poisoned (-5 -> -5), not resistant to hostile enchantments,
unstealthy
A: fangs 2, regeneration 1, magic shield, antimagic bite, no device heal 3, rot
immunity
a: Burn Spellbooks, Renounce Religion


You were on level 4 of the Dungeon.
You worshipped Trog.
Trog was noncommittal.
You were hungry.

You visited 2 branches of the dungeon, and saw 6 of its levels.

You collected 180 gold pieces.

Inventory:

Hand weapons
 d - a +1 short sword (weapon)
Armour
 a - a +0 robe (worn) {2}
 z - a +1 pair of gloves (worn)
Jewellery
 e - a ring of protection from cold (left hand)
 u - a +6 ring of evasion {unknown}
Magical devices
 v - a wand of frost (17) {24}
Scrolls
 g - a scroll of enchant armour
 h - a scroll of amnesia
 n - a scroll of identify {@r1}
 y - a scroll of random uselessness {unknown}
Potions
 l - a potion of heal wounds {@q2}
 t - a potion of restore abilities
Books
 b - a Young Poisoner's Handbook

   Spells                             Type                      Level
   a - Sting                          Conjuration/Poison           1
   b - Cure Poison                    Poison                       2
   c - Mephitic Cloud                 Conjuration/Poison/Air       3
   d - Olgreb's Toxic Radiance        Poison                       4
   e - Venom Bolt                     Conjuration/Poison           5
   Trog disapproves of the use of such an item.
Comestibles
 c - 4 bread rations
 f - a beef jerky
 k - 2 fruits
 o - 3 meat rations
 p - a slice of pizza
 w - 2 chunks of flesh


   Skills:
 + Level 2.2 Fighting
 + Level 2.2 Short Blades
 + Level 2.0 Armour
 + Level 2.6 Dodging
 - Level 2.4 Stealth
 - Level 2.1 Spellcasting
 - Level 4.0 Poison Magic


You had 7 spell levels left.
You knew the following spells:

 Your Spells              Type           Power        Failure   Level  Hunger
a - Sting                 Conj/Pois      #...         12%         1    #......


Dungeon Overview and Level Annotations

Branches:
Dungeon (5/15)             Temple (1/1) D:4

Altars:
Cheibriados
Dithmenos
Elyvilon
Fedhas
Gozag
Kikubaaqudgha
Nemelex Xobeh
Qazlal
Ru
Trog
Vehumet
Xom
Zin
The Shining One

Portals:
Sewer: D:4


Innate Abilities, Weirdness & Mutations

You have extremely sharp teeth.
Your natural rate of healing is unusually fast.
When hurt, damage is shared between your health and your magic reserves.
Your bite disrupts and absorbs the magic of your enemies.
Potions and wands cannot restore your health.
You are immune to rotting.


Message History

Okay, then.
Read which item? (? for menu, Esc to quit)
As you read the scroll labeled PRUISO HA CLIE, it crumbles to dust.
It is a scroll of enchant weapon.
Enchant which weapon? (? for menu, Esc to quit)
Choose a valid weapon, or Esc to abort.
Enchant which weapon? (? for menu, Esc to quit)
Your +0 short sword glows red for a moment.
The giant cockroach closely misses you. The iguana closely misses you.
Read which item? (? for menu, Esc to quit)
As you read the scroll labeled TALIHUFIUN, it crumbles to dust.
You hear a loud clanging noise!
It was a scroll of noise.
The giant cockroach bites you but does no damage.
The iguana barely misses you.
Read which item? (? for menu, Esc to quit)
As you read the scroll labeled STRUF LEUTZ, it crumbles to dust.
You feel blessed for a moment.
It was a scroll of remove curse.
You feel sick. The giant cockroach closely misses you. The iguana bites you!
You die...

#~~.##.####..
l..##.~#..# .
#~~~#~.#..#
#~~~#~.#..#
#~.~#~~##.#
#~\~#~~# ..
#~.~#~.# .##
#~.~#~~# .#
#...l@# .#
##.^s## #.
#####


You could see an iguana and a giant cockroach.

Vanquished Creatures
  A giant frog skeleton (D:4)
  A worker ant (D:4)
  4 gnolls (D:2)
  An adder (D:2)
  3 giant mites (D:4)
  6 worms
  5 giant geckos
  4 orcs (D:4)
  2 bat skeletons (D:4)
  2 goblins
  9 hobgoblins
  4 jackals
  A quokka (D:2)
  A ball python (D:1)
  10 bats
  4 giant cockroaches
  3 giant newts
  9 kobolds
  9 rats
79 creatures vanquished.

Notes
Turn   | Place    | Note
--------------------------------------------------------------
     0 | D:1      | mauris, the Vine Stalker Venom Mage, began the quest for the Orb.
     0 | D:1      | Reached XP level 1. HP: 9/9 MP: 3/3
   141 | D:1      | Reached XP level 2. HP: 14/14 MP: 3/5
   326 | D:1      | Huge Dmg: 3 dmg
   327 | D:1      | Huge Dmg: 4 dmg
   401 | D:1      | Huge Dmg: 3 dmg
   401 | D:1      | Reached skill level 1 in Fighting
   444 | D:1      | Reached XP level 3. HP: 16/18 MP: 4/7
   480 | D:1      | Reached skill level 1 in Armour
   730 | D:2      | Reached skill level 1 in Short Blades
   740 | D:2      | Huge Dmg: 4 dmg
   826 | D:2      | Huge Dmg: 4 dmg
   839 | D:2      | Huge Dmg: 6 dmg
   840 | D:2      | Huge Dmg: 10 dmg
   901 | D:2      | Huge Dmg: 12 dmg
   902 | D:2      | Huge Dmg: 2 dmg
   903 | D:2      | Huge Dmg: 1 dmg
  1048 | D:2      | Reached XP level 4. HP: 22/22 MP: 1/8
  1066 | D:2      | Huge Dmg: 6 dmg
  1301 | D:2      | Huge Dmg: 6 dmg
  1567 | D:2      | Huge Dmg: 8 dmg
  1606 | D:2      | Huge Dmg: 6 dmg
  1806 | D:2      | Huge Dmg: 6 dmg
  2118 | D:2      | Reached XP level 5. HP: 26/26 MP: 6/11
  2450 | D:3      | Found a radiant altar of Vehumet.
  2837 | D:4      | Huge Dmg: 4 dmg
  2838 | D:4      | Huge Dmg: 3 dmg
  2844 | D:3      | Huge Dmg: 2 dmg
  2975 | D:4      | Noticed an ogre
  2982 | D:4      | Huge Dmg: 12 dmg
  3073 | D:4      | Found a staircase to the Ecumenical Temple.
  3079 | Temple   | Entered the Ecumenical Temple
  3135 | Temple   | Became a worshipper of Trog the Wrathful
  3168 | D:4      | Was placed under penance by Trog
  3282 | D:4      | Noticed a phantom
  3285 | D:4      | Huge Dmg: 2 dmg
  3314 | D:5      | Entered Level 5 of the Dungeon
  3388 | D:4      | Found a glowing drain.
  3398 | D:4      | Huge Dmg: 5 dmg
  3399 | D:4      | Huge Dmg: 7 dmg
  3400 | D:4      | Huge Dmg: 3 dmg
  3403 | D:4      | Huge Dmg: 2 dmg
  3406 | D:4      | Huge Dmg: 1 dmg
  3406 | D:4      | Was forgiven by Trog
  3409 | D:4      | Huge Dmg: 1 dmg
  3412 | D:4      | Slain by an iguana

Action                   |  1- 3 |  4- 6 || total
-------------------------+-------+-------++-------
Melee: Short sword       |    31 |   113 ||   144
 Cast: Sting             |    56 |    88 ||   144
  Use: Scroll            |       |     6 ||     6
       Potion            |       |     5 ||     5
  Eat: Chunk             |     1 |     9 ||    10

Vault maps used:
D:1:      minmay_arrival_plants_in_alcoves
D:2:      patterned_corridor
D:3:      vehumet_altar_wand_db, kennysheep_generic_room_4
D:4:      temple_doors_e, gup_sewer_entry_pipe, minmay_misc_feat_square,
          uniq_iyjb
D:5:      makhleb_grotto_becter, first_bread, minmay_liquid_box,
          hangedman_abyss_or_decor_stabs, kennysheep_windowed_goal
Temple:   nicolae_temple_elliptical
